 Dungeon Crawl Stone Soup version 0.17-a0-469-g696e5a1 (webtiles) character file.

39 Kingmaron the Shield-Bearer (level 3, 20/33 HPs)
             Began as a Minotaur Fighter on Apr 6, 2015.
             Drowned
             ... on level 2 of the Dungeon.
             The game lasted 00:20:29 (1999 turns).

Kingmaron the Shield-Bearer (Minotaur Fighter)      Turns: 1999, Time: 00:20:30

Health: 20/33      AC: 14    Str: 20    XL:     3   Next: 26%
Magic:  2/2        EV:  5    Int:  5    God:
Gold:   91         SH:  0    Dex: 10    Spells: 0 memorised, 2 levels left

rFire  . . .     SeeInvis .     k - +0 short sword (protect)
rCold  . . .     Clarity  .     l - +0 chain mail
rNeg   . . .     SustAb   .     c - +0 shield
rPois  .         Gourm    .     (helmet restricted)
rElec  .         Spirit   .     (no cloak)
rCorr  .         Warding  .     (no gloves)
rMut   .         Stasis   .     (no boots)
MR     .....                    (no amulet)
Stlth  ..........               (no ring)
                                (no ring)

@: confused, not resistant to hostile enchantments, extremely unstealthy
A: retaliatory headbutt, horns 2
a: no special abilities


You were on level 2 of the Dungeon.
You were not hungry.

You visited 1 branch of the dungeon, and saw 2 of its levels.

You collected 91 gold pieces.

Inventory:

Hand weapons
 a - a +0 long sword
 d - a cursed +0 hand axe
 g - a +0 short sword
 i - a +0 dagger
 j - a +0 dagger
 k - a +0 short sword of protection (weapon)
 p - a +0 club
 t - a +0 mace
 u - a +0 club
Armour
 b - a +0 scale mail
 c - a +0 shield (worn)
 l - a +0 chain mail (worn)
Scrolls
 h - 2 scrolls of identify {unknown}
 m - 2 scrolls of random uselessness {unknown}
 n - a scroll of blinking {unknown}
 o - a scroll of remove curse {unknown}
 w - a scroll of noise {unknown}
Potions
 e - a potion of might
 f - 2 potions of brilliance {unknown}
 q - a potion of invisibility {unknown}
 r - a potion of ambrosia {unknown}
 s - a potion of cancellation {unknown}
 z - a potion of poison {unknown}
 A - 2 potions of agility {unknown}
 B - a potion of heal wounds {unknown}
Books
 x - a Fen Folio

   Spells                             Type                      Level
   a - Corpse Rot                     Necromancy                   2
   b - Stone Arrow                    Conjuration/Earth            3
   c - Leda's Liquefaction            Hexes/Earth                  4
   d - Summon Forest                  Summoning/Translocation      5
   e - Hydra Form                     Transmutation                6
   f - Summon Hydra                   Summoning                    7
Comestibles
 v - a bread ration


   Skills:
 + Level 4.1 Fighting
 + Level 0.7(1.6) Short Blades
 + Level 2.5(2.6) Long Blades
 + Level 4.1 Armour
 + Level 0.2 Dodging
 + Level 4.2 Shields


You had 2 spell levels left.
You didn't know any spells.

Dungeon Overview and Level Annotations

Branches:
Dungeon (2/15)

Altars:
Gozag
Okawaru
The Shining One

Shops:
D:2 *

Annotations:
D:2 Sigmund


Innate Abilities, Weirdness & Mutations

You reflexively headbutt those who attack you in melee.
You have a pair of horns on your head.


Message History

Are you sure you want to stumble around while confused and next to deep water? [Y]es or [N]o only, please.
Are you sure you want to stumble around while confused and next to deep water? [Y]es or [N]o only, please.
Are you sure you want to stumble around while confused and next to deep water? [Y]es or [N]o only, please.
Are you sure you want to stumble around while confused and next to deep water?
Okay, then.
Are you sure you want to stumble around while confused and next to deep water?
Uppercase [Y]es or [N]o only, please.
Are you sure you want to stumble around while confused and next to deep water? [Y]es or [N]o only, please.
Are you sure you want to stumble around while confused and next to deep water? [Y]es or [N]o only, please.
Are you sure you want to stumble around while confused and next to deep water?
Uppercase [Y]es or [N]o only, please.
Are you sure you want to stumble around while confused and next to deep water?
You fall into the water!
You sink like a stone!
You drown...
You die...

............................##
............................#
...........########+#+#######
...........# #.# ....(......#
..# ...........# #..#
........#######+#...#
....................#....
................@≈≈≈≈≈≈#
................≈.....≈#
................≈.⌠.⌠.≈.
.............$..≈..∩..≈#
................≈.⌠.⌠.≈# .
..............≈.....≈
#############≈≈...≈ #.≈._. #.≈


There were no monsters in sight!

Vanquished Creatures
  An adder (D:2)
  A gnoll (D:1)
  4 hobgoblins (D:1)
  A ball python (D:2)
  4 bats
  6 goblins
  4 kobolds
  A rat (D:2)
  2 plants (D:1)
24 creatures vanquished.

Vanquished Creatures (others)
  4 toadstools (D:1)
4 creatures vanquished.

Grand Total: 28 creatures vanquished

Notes
Turn   | Place    | Note
--------------------------------------------------------------
     0 | D:1      | Kingmaron, the Minotaur Fighter, began the quest for the Orb.
     0 | D:1      | Reached XP level 1. HP: 19/19 MP: 0/0
   263 | D:1      | Reached skill level 4 in Fighting
   265 | D:1      | Reached XP level 2. HP: 27/27 MP: 1/1
  1428 | D:2      | Found an iron altar of Okawaru.
  1571 | D:2      | Reached XP level 3. HP: 30/33 MP: 2/2
  1683 | D:2      | Found a glowing golden altar of the Shining One.
  1979 | D:2      | Noticed Sigmund
  1995 | D:2      | Found Gozag's Platinum Reserve.
  1998 | D:2      | Found an opulent altar of Gozag.
  1999 | D:2      | Drowned

Action                   || total
-------------------------++-------
Melee: Long sword        ||    17
       Short sword       ||   256
  Eat: Bread ration      ||     1
